 Dungeon Crawl Stone Soup version 0.30-a0-782-ge64f9170bb (webtiles) character file.

Game seed: 1866266586808568921

99872 mopl the Marksmeteoran (level 17, -1/99 HPs)
             Began as a Meteoran Hunter on Mar 17, 2023.
             Was a High Priest of Okawaru.
             Slain by a water elemental (9 damage)
             ... led by a merfolk aquamancer
             ... on level 3 of the Shoals.
             The game lasted 01:03:57 (12226 turns).

mopl the Marksmeteoran (Meteoran Hunter)           Turns: 12226, Time: 01:03:58

Health: -1/99      AC: 26    Str: 26    XL:     17   Next: 32%
Magic:  28/28      EV: 18    Int: 11    God:    Okawaru [*****.]
Gold:   530        SH:  0    Dex: 19    Spells: 15/16 levels left

rFire   + . .      SeeInvis +    a - +8 storm bow {elec, penet}
rCold   + + .      Faith    .    (shield currently unavailable)
rNeg    + . .      Spirit   .    T - +1 plate armour {rC+}
rPois   .          Reflect  .    m - +0 helmet
rElec   .          Harm     .    q - +0 cloak {rCorr}
rCorr   +          Rampage  .    I - +0 pair of gloves of the Ecumenical Temple {rN+ Str+3 Stlth+}
Will    +++..                    o - +0 pair of boots Stlth
                                 F - amulet of the acrobat
HPRegen 0.36/turn                r - ring of protection from fire
MPRegen 0.21/turn                l - ring "Verchofyji" {rC+ Will+ Str+3 SInv}

@: heroic, glowing
A: sense surroundings 2, otherworldly, glowing, explore regen
a: Renounce Religion, Heroism, Finesse, Duel


You were on level 3 of the Shoals.
You worshipped Okawaru.
Okawaru was extremely pleased with you.
You visited 5 branches of the dungeon, and saw 23 of its levels.
You also visited: Ossuary, Ice Cave and Volcano.

You collected 2808 gold pieces.
You spent 2278 gold pieces at shops.

Inventory:

Hand Weapons
 a - the +8 storm bow (weapon) {elec, penet}
   (You bought it in a shop on level 7 of the Dungeon)
 t - a +1 vampiric lajatang
 K - a +1 heavy triple crossbow
 X - a +3 longbow of flaming
Missiles
 h - 3 curare-tipped darts
 C - 2 boomerangs of dispersal
 L - 3 throwing nets
Armour
 m - a +0 helmet (worn)
 o - a +0 pair of boots (worn)
 q - a +0 cloak of preservation (worn)
 I - the +0 pair of gloves of the Ecumenical Temple (worn) {rN+ Str+3 Stlth+}
   (You bought it in a shop on level 11 of the Dungeon)

   Str:       It affects your strength (+3).
   rN:        It protects you from negative energy.
   Stlth:     It makes you more stealthy.
 J - a +0 plate armour of fire resistance
 T - a +1 plate armour of cold resistance (worn)
Jewellery
 l - the ring "Verchofyji" (right hand) {rC+ Will+ Str+3 SInv}
   (You acquired it on level 6 of the Dungeon)

   [ring of protection from cold]

   Str:       It affects your strength (+3).
   rC:        It protects you from cold.
   SInv:      It lets you see invisible.
   Will:      It increases your willpower.
 r - a ring of protection from fire (left hand)
 s - a ring of flight
 E - a ring of resist corrosion
 F - an amulet of the acrobat (around neck)
 P - a ring of protection from cold
 V - the ring "Tellelijy" {Ice rN+ Str+2 Int-5 Dex+5}
   (You took it off a spriggan on level 5 of the Lair of Beasts)

   [ring of ice]

   It enhances your ice magic.
   Str:       It affects your strength (+2).
   Int:       It affects your intelligence (-5).
   Dex:       It affects your dexterity (+5).
   rF:        It makes you vulnerable to fire.
   rC:        It protects you from cold.
   rN:        It protects you from negative energy.
Wands
 G - a wand of mindburst (26)
 Q - a wand of flame (14)
 R - a wand of paralysis (10)
 U - a wand of roots (8)
 Y - a wand of quicksilver (4)
Scrolls
 b - 4 scrolls of immolation
 c - 7 scrolls of blinking
 d - 3 scrolls of vulnerability
 i - 20 scrolls of teleportation
 j - 2 scrolls of silence {!r}
 p - a scroll of enchant weapon
 u - 2 scrolls of brand weapon
 x - 6 scrolls of poison
 y - 3 scrolls of magic mapping
 B - 2 scrolls of identify
 M - 6 scrolls of fear
 N - 5 scrolls of enchant armour
 O - 4 scrolls of fog
 W - a scroll of torment {!r}
Potions
 e - 10 potions of curing
 f - 4 potions of brilliance
 g - 11 potions of heal wounds
 k - 3 potions of haste
 n - 3 potions of flight
 v - 2 potions of magic
 z - 7 potions of might
 A - 4 potions of ambrosia
 D - 2 potions of mutation {!q}
 H - 4 potions of invisibility {unknown}
 S - a potion of cancellation
Miscellaneous
 w - a phial of floods
 Z - a condenser vane


   Skills:
 + Level 12.5(17.5) Fighting
 * Level 17.5(22.5) Ranged Weapons
 + Level 13.3(18.3) Armour
 + Level 13.6(18.6) Dodging
 - Level 0.6(5.6) Stealth
 + Level 6.3 Translocations
 + Level 13.8 Invocations
 + Level 10.7 Evocations


You had 15 spell levels left.
You knew the following spells:

 Your Spells              Type           Power      Damage    Failure   Level
a - Apportation           Tloc           26%        N/A       14%         1

Your spell library contained the following spells:

 Spells                   Type           Power      Damage    Failure   Level
 Beastly Appendage        Tmut           0%         N/A       89%         1
 Freeze                   Ice            0%         1d3       89%         1
 Kiss of Death            Conj/Necr      0%         2d5       89%         1
 Slow                     Hex            0%         N/A       89%         1
 Sting                    Tmut/Pois      0%         1d3       89%         1
 Cigotuvi's Dreadful Rot  Necr/Pois/Air  0%         N/A       96%         2
 Poisonous Vapours        Pois/Air       0%         N/A       96%         2
 Sublimation of Blood     Necr           0%         N/A       96%         2
 Wereblood                Tmut           0%         N/A       96%         2
 Confusing Touch          Hex            0%         N/A       99%         3
 Frozen Ramparts          Ice            0%         1d1       99%         3
 Hailstorm                Conj/Ice       0%         3d3       99%         3
 Mephitic Cloud           Conj/Pois/Air  0%         N/A       99%         3
 Ozocubu's Armour         Ice            0%         N/A       99%         3
 Anguish                  Hex/Necr       0%         N/A       100%        4
 Cause Fear               Hex            0%         N/A       100%        4
 Dispel Undead            Necr           0%         3d6       100%        4
 Olgreb's Toxic Radiance  Pois           0%         N/A       100%        4
 Borgnjor's Vile Clutch   Necr/Erth      0%         N/A       100%        5
 Dragon Form              Tmut           0%         N/A       100%        7
 Enfeeble                 Hex            0%         N/A       100%        7
 Ozocubu's Refrigeration  Ice            0%         4d7       100%        7
 Ignition                 Fire           0%         3d3       100%        8
 Animate Dead             Necr           Unusable   N/A       N/A         4
 Death Channel            Necr           Unusable   N/A       N/A         6
 Summon Hydra             Summ           Unusable   N/A       N/A         7
 Dragon's Call            Summ           Unusable   N/A       N/A         9

Dungeon Overview and Level Annotations

Branches:
Dungeon (12/15) Zot: 326   Temple (1/1) D:5 Zot: 557    Lair (5/5) D:10 Zot: 153
 Shoals (3/4) Lair:2 Zot: 1103  Spider (0/4) Lair:2        Slime (0/5) Lair:4
    Orc (2/2) D:10 Zot: 226     Elf (0/3) Orc:2       Ossuary (visited)
  IceCv (visited)         Volcano (visited)

Altars:
Cheibriados
Dithmenos
Elyvilon
Fedhas
Hepliaklqana
Makhleb
Nemelex Xobeh
Okawaru
Qazlal
Ru
Trog
Uskayaw
Vehumet
Xom
Zin
Jiyva
Lugonu

Shops:
D:3 =   D:7 (*   D:9 ?   D:11 :!:[   Orc:2 ?*:[

Portals:
Abyss: D:5 Lair:5
Pandemonium: Orc:2

Annotations:
D:5 krystol's ghost, novice FoTm
D:9 3 runed translucent doors
Lair:4 3 runed translucent doors, Stil's ghost, journeyman SpEn


Innate Abilities, Weirdness & Mutations

You passively map the area around you.
You are easily found by Zot.
You glow in the dark.
You regain HP and MP as you explore.


Message History

The water elemental completely misses you.
You slip free of the water engulfing you.
You gasp with relief as air once again reaches your lungs.
The wind drake flaps its wings at you. The air twists around and strikes you.
* * * LOW HITPOINT WARNING * * *
The water elemental misses you.
The wind drake exhales a fierce blast of wind!
You are knocked back by the gust of wind.
You violently stop moving!
* * * LOW HITPOINT WARNING * * *
The water elemental is knocked back by the gust of wind.
The water elemental slams into the rock wall!
The water elemental is lightly damaged.
An alligator snapping turtle comes into view.
Fire: a) +8 storm bow {elec, penet}
Press: ? - help, Q - select action, (/) - cycle Shift-Dir - straight line, f/p - wind drake
Aim: a wind drake (almost dead, repelling missiles, catching its breath, 45% to hit)
You shoot an arrow.
The arrow pierces through the water elemental but does no damage.
The water elemental is lightly damaged.
The arrow barely misses the wind drake.
Unknown command.
Fire: a) +8 storm bow {elec, penet}
Press: ? - help, Q - select action, (/) - cycle Shift-Dir - straight line, f/p - wind drake
Aim: a wind drake (almost dead, repelling missiles, 45% to hit)
You shoot an arrow.
The arrow pierces through the wind drake!
You kill the wind drake!
Okawaru accepts your kill.
Unknown command.
Fire: a) +8 storm bow {elec, penet}
Press: ? - help, Q - select action, (/) - cycle Shift-Dir - straight line, f - water elemental
Aim: a water elemental (lightly damaged, 84% to hit)
You shoot an arrow.
The arrow barely misses the water elemental.
The arrow pierces through the merfolk!!
The merfolk is almost dead.
The water elemental hits you!
You die...

~.~~[~~~~~~~~~~~~~~~~ ~~
~
~.....~~~~~~)~~~~~~~~~~~~
~
.......~~~~....~~~~~~~)~
~
...##...~~..###....P~~~~
, ..###...~~..#
##....~~~~ ,* ,~
[####....~~.###.....~PP~
~
......~~..~~.....~~~PP~.
* ,~
~.~.((~~~~~≈~..~.≈≈~.P..,
* ,
.~~~.~~~.~~≈≈~mE@≈≈≈.P..
.~~~~~~~~~~≈≈~E##.≈~.###
, ~~..~~~~≈≈≈≈≈~~#*.~~P#
~ .~..≈≈≈≈≈≈≈~H~m....>.P#
~
~≈≈≈≈≈≈≈≈≈≈≈~~~..P......,
~ ~
~≈≈≈≈≈≈#≈≈≈HP~~....=##..,
, ≈≈≈≈≈≈≈≈≈P~≈≈~~~..~..
.~ ~
≈≈≈≈≈≈≈≈≈~~~≈≈~~~≈P~..
~~~ ≈≈≈≈≈≈≈≈≈≈≈P~~~~~≈≈~.
~ ~ ~


You could see a merfolk, a manticore and 2 water elementals.

Vanquished Creatures
  Kirke (Lair:4)
  Ilsuiw (Shoals:2)
  A frost giant (IceCv)
  The ghost of Ycluddol the Basher, a journeyman HOMo of Ashenzari (Orc:1)
  A fire dragon (Volcano)
  Josephine (D:11)
  A merfolk javelineer (Shoals:2)
  2 hydras (Lair:5)
  A demonspawn (Orc:2)
  Harold (Lair:2)
  2 catoblepae
  2 boulder beetles (Lair:5)
  A satyr (Shoals:3)
  A merfolk aquamancer (Shoals:3)
  2 merfolk avatars (Shoals:2)
  A hell hog (Volcano)
  4 two-headed ogres
  15 death yaks
  3 thrashing horrors (Lair:5)
  7 orc high priests (Orc:2)
  A sun demon (Orc:2)
  Amaemon (Lair:3)
  4 sea snakes
  5 skysharks
  5 lindwurms
  A wizard (D:10)
  7 orc knights
  2 harpies (Lair:2)
  2 cyclopes
  6 orc sorcerers
  3 ugly things
  8 fauns
  5 manticores
  6 elephants (Lair:1)
  3 black mambas
  3 merfolk sirens
  An orange demon (Lair:3)
  2 torpor snails
  A smoke demon (Lair:5)
  An ice statue (IceCv)
  2 molten gargoyles (Volcano)
  13 rime drakes
  4 cane toads
  3 kobold demonologists (D:10)
  8 komodo dragons
  A komodo dragon (shapeshifter) (Lair:5)
  An unseen horror (D:12)
  3 ancient zymes (Lair:5)
  3 trolls
  6 merfolk
  5 wind drakes
  Prince Ribbit (Lair:3)
  4 polar bears (IceCv)
  A hornet (shapeshifter) (Lair:5)
  24 blink frogs
  8 dream sheep
  A large abomination (Lair:5)
  2 jumping spiders (Lair:2)
  3 snapping turtles
  A spriggan (Lair:5)
  A water elemental (Shoals:3)
  3 culicivoras (Lair:2)
  3 ynoxinuls (Lair:5)
  7 wraiths
  A shadow (D:12)
  6 wyverns
  7 basilisks
  A hog (Lair:4)
  4 steam dragons
  34 yaks
  2 humans (Lair:4)
  2 fire bats (Volcano)
  3 vampire mosquitoes (D:10)
  2 chaos spawn (Lair:5)
  3 redbacks (Lair:2)
  8 small abominations (Lair:5)
  2 wargs (Orc:1)
  An acid dragon (D:9)
  2 hell hounds (Volcano)
  9 water moccasins
  4 black bears
  34 orc warriors
  3 ice beasts
  4 ogres
  8 centaurs
  11 wolves
  2 phantoms
  4 kobold brigands (D:10)
  3 scorpions
  8 bullfrogs
  A gnoll sergeant (D:8)
  9 wights
  11 killer bees
  2 howler monkeys (D:9)
  3 jellies (D:3)
  4 lava snakes (Volcano)
  3 hounds
  22 orc priests
  2 iguanas
  Natasha (twice) (D:2)
  25 orc wizards
  6 hell rats (Lair:5)
  A mummy (Ossuary)
  Robin (D:2)
  8 gnolls
  11 adders
  12 white imps (Orc:1)
  3 worms
  2 dart slugs
  68 orcs
  3 ball pythons
  3 bats
  17 endoplasms
  14 goblins
  7 hobgoblins
  10 jackals
  18 kobolds
  7 quokkas
  A frilled lizard (D:1)
  10 gnoll skeletons (Ossuary)
  7 kobold skeletons (Ossuary)
  8 orc skeletons (Ossuary)
  7 rats
700 creatures vanquished.

Vanquished Creatures (others)
  23 fungi
  48 plants
  10 toadstools (D:3)
81 creatures vanquished.

Grand Total: 781 creatures vanquished

Notes
Turn   | Place    | Note
-------+----------+-------------------------------------------
     0 | D:1      | mopl the Meteoran Hunter began the quest for the Orb.
     0 | D:1      | Reached XP level 1. HP: 17/17 MP: 2/2
    39 | D:1      | Reached XP level 2. HP: 24/24 MP: 3/3
   132 | D:1      | Reached skill level 1 in Armour
   132 | D:1      | Reached XP level 3. HP: 30/30 MP: 4/4
   154 | D:1      | You fall into a shaft and drop 1 floor!
   338 | D:1      | Reached skill level 3 in Dodging
   453 | D:2      | Reached XP level 4. HP: 16/37 MP: 5/5
   492 | D:2      | Reached skill level 5 in Ranged Weapons
   505 | D:2      | Noticed Natasha
   506 | D:2      | Noticed Robin
   533 | D:2      | Killed Natasha
   538 | D:2      | Reached XP level 5. HP: 4/44 MP: 6/6
   538 | D:2      | HP: 2/44 [goblin/+0 dagger[Robin] (3)]
   548 | D:2      | Killed Robin
   549 | D:2      | Reached skill level 3 in Fighting
   551 | D:2      | Reached skill level 2 in Armour
   641 | D:2      | Noticed Natasha
   646 | D:2      | Killed Natasha
  1020 | D:3      | Reached XP level 6. HP: 42/51 MP: 7/7
  1179 | D:3      | Found Yklont's One-of-a-Kind Rings.
  1275 | D:3      | Reached skill level 6 in Ranged Weapons
  1289 | D:3      | Reached skill level 4 in Dodging
  1334 | D:3      | Reached skill level 3 in Armour
  1334 | D:3      | Reached XP level 7. HP: 33/58 MP: 8/8
  1580 | D:4      | Found a sand-covered staircase.
  1586 | Ossuary  | Entered an ossuary
  1586 | Ossuary  | Noticed a wraith
  1586 | Ossuary  | Noticed a wraith
  1586 | Ossuary  | Noticed a wraith
  1610 | Ossuary  | Reached skill level 4 in Fighting
  1723 | Ossuary  | Noticed a wraith
  1757 | Ossuary  | Killed a wraith
  1805 | D:4      | Got Qoempy's Even Learners Can Use Witchcraft!
  1963 | D:4      | Reached skill level 7 in Ranged Weapons
  1963 | D:4      | Reached XP level 8. HP: 65/67 MP: 9/9
  2134 | D:5      | Entered Level 5 of the Dungeon
  2150 | D:5      | Found a staircase to the Ecumenical Temple.
  2159 | Temple   | Entered the Ecumenical Temple
  2184 | Temple   | Became a worshipper of Warmaster Okawaru
  2257 | D:5      | Reached skill level 4 in Armour
  2275 | D:5      | Reached skill level 5 in Dodging
  2301 | D:5      | Found a sparkling altar of Nemelex Xobeh.
  2363 | D:5      | Reached skill level 1 in Invocations
  2405 | D:5      | Reached * piety under Okawaru
  2510 | D:5      | Reached skill level 5 in Fighting
  2606 | D:5      | Found a one-way gate to the infinite horrors of the Abyss.
  2606 | D:5      | Noticed krystol's ghost (novice FoTm)
  2641 | D:5      | Reached skill level 8 in Ranged Weapons
  2641 | D:5      | Reached skill level 2 in Invocations
  2641 | D:5      | Gained mutation: You passively map the area around you.
                  | [Meteoran growth]
  2641 | D:5      | Reached XP level 9. HP: 69/74 MP: 11/11
  2942 | D:6      | Reached skill level 5 in Armour
  2946 | D:6      | Identified a scroll of acquirement
  2947 | D:6      | Acquired the ring "Verchofyji" {rC+ Will+ Str+3 SInv}
  3049 | D:6      | Reached skill level 3 in Invocations
  3194 | D:6      | Reached skill level 1 in Evocations
  3247 | D:6      | Reached skill level 6 in Dodging
  3286 | D:6      | Found a white marble altar of Elyvilon.
  3294 | D:6      | Found a stormy altar of Qazlal.
  3384 | D:6      | Found a burning altar of Makhleb.
  3426 | D:7      | Found Bisil's Magic Scroll Boutique.
  3429 | D:7      | Bought a scroll of blinking for 82 gold pieces
  3429 | D:7      | Bought a scroll of teleportation for 33 gold pieces
  3429 | D:7      | Bought a scroll of fear for 44 gold pieces
  3429 | D:7      | Bought 3 scrolls of noise for 33 gold pieces
  3429 | D:7      | Bought a scroll of enchant armour for 82 gold pieces
  3429 | D:7      | Bought a scroll of poison for 44 gold pieces
  3429 | D:7      | Bought a scroll of identify for 22 gold pieces
  3429 | D:7      | Bought a scroll of teleportation for 33 gold pieces
  3429 | D:7      | Bought a scroll of identify for 22 gold pieces
  3544 | D:7      | Reached skill level 2 in Evocations
  3553 | D:7      | Found Ziatuosh's Fire Supplies.
  3585 | D:7      | Found Hagu Woe's Weapon Emporium.
  3627 | D:7      | Reached ** piety under Okawaru
  3643 | D:7      | Reached skill level 9 in Ranged Weapons
  3675 | D:7      | Reached skill level 4 in Invocations
  3730 | D:8      | Reached skill level 6 in Fighting
  3795 | D:8      | Reached XP level 10. HP: 60/83 MP: 12/14
  3810 | D:7      | Reached skill level 6 in Armour
  3822 | D:8      | Reached skill level 3 in Evocations
  3836 | D:8      | Identified the +1 dagger of Mad Bett {freeze, +Blink Int+3}
  3920 | D:8      | Reached skill level 5 in Invocations
  4021 | D:8      | Reached skill level 7 in Dodging
  4109 | D:8      | Noticed a lindwurm
  4109 | D:8      | Noticed a lindwurm
  4110 | D:8      | Noticed a lindwurm
  4137 | D:8      | Noticed a lindwurm
  4152 | D:8      | Killed a lindwurm
  4152 | D:8      | Reached *** piety under Okawaru
  4153 | D:8      | Reached skill level 10 in Ranged Weapons
  4153 | D:8      | Reached skill level 4 in Evocations
  4163 | D:8      | Killed a lindwurm
  4170 | D:8      | Killed a lindwurm
  4170 | D:8      | Reached **** piety under Okawaru
  4171 | D:8      | Reached skill level 7 in Fighting
  4171 | D:8      | Reached skill level 7 in Armour
  4171 | D:8      | Reached skill level 6 in Invocations
  4206 | D:8      | Killed a lindwurm
  4207 | D:8      | Reached XP level 11. HP: 92/92 MP: 14/16
  4417 | D:9      | Reached skill level 5 in Evocations
  4535 | D:9      | Found a runed translucent gate.
  4535 | D:9      | Found a runed translucent gate.
  4535 | D:9      | Found a runed translucent gate.
  4535 | D:9      | Noticed a white ugly thing
  4535 | D:9      | Noticed a purple ugly thing
  4535 | D:9      | Noticed a white ugly thing
  4535 | D:9      | Noticed a purple ugly thing
  4535 | D:9      | Noticed a cyan ugly thing
  4545 | D:9      | Noticed a glowing orange brain
  4637 | D:9      | Reached skill level 8 in Dodging
  4641 | D:9      | Reached skill level 11 in Ranged Weapons
  4692 | D:9      | Noticed a two-headed ogre
  4710 | D:9      | Killed a two-headed ogre
  4711 | D:9      | Reached skill level 7 in Invocations
  4717 | D:9      | Found Omeigiti's Magic Scroll Shop.
  4871 | D:10     | Entered Level 10 of the Dungeon
  4873 | D:10     | Noticed a sixfirhy
  4926 | D:9      | Reached skill level 6 in Evocations
  5063 | D:10     | Acquired 580 gold pieces
  5088 | D:10     | Reached skill level 8 in Armour
  5266 | D:10     | Noticed a two-headed ogre
  5301 | D:10     | Killed a two-headed ogre
  5302 | D:10     | Reached skill level 8 in Fighting
  5486 | D:10     | Found a staircase to the Lair.
  5578 | D:7      | Bought the +8 storm bow {elec, penet} for 884 gold pieces
  5578 | D:7      | Found the +8 storm bow {elec, penet}
  5711 | D:10     | Reached XP level 12. HP: 89/91 MP: 15/18
  5729 | D:10     | Found a staircase to the Orcish Mines.
  5868 | Lair:1   | Entered Level 1 of the Lair of Beasts
  5959 | Lair:1   | Reached skill level 12 in Ranged Weapons
  6039 | Lair:1   | Reached skill level 9 in Dodging
  6039 | Lair:1   | Reached skill level 8 in Invocations
  6160 | Lair:1   | Reached skill level 7 in Evocations
  6278 | Lair:2   | Found a hole to the Spider Nest.
  6294 | Lair:2   | Reached skill level 9 in Armour
  6297 | Lair:2   | Reached ***** piety under Okawaru
  6407 | Lair:2   | Found a dark tunnel.
  6425 | Volcano  | Entered a volcano
  6526 | Volcano  | Found a bloodstained altar of Trog.
  6526 | Volcano  | Noticed a hell hog
  6538 | Volcano  | Killed a hell hog
  6539 | Volcano  | Reached skill level 9 in Fighting
  6539 | Volcano  | Reached skill level 9 in Invocations
  6539 | Volcano  | Reached XP level 13. HP: 65/111 MP: 20/20
  6547 | Volcano  | Noticed a fire dragon
  6557 | Volcano  | Killed a fire dragon
  6558 | Volcano  | Reached skill level 13 in Ranged Weapons
  6733 | Volcano  | Reached skill level 8 in Evocations
  6861 | Lair:2   | Found a staircase to the Shoals.
  6866 | Lair:2   | Reached skill level 10 in Dodging
  6938 | Lair:2   | Noticed Harold
  6938 | Lair:2   | Found the +4 skin of Zhor {*Englaciate rC+++ SInv}
  6946 | Lair:2   | Killed Harold
  7110 | Lair:3   | Noticed Prince Ribbit
  7130 | Lair:3   | Killed Prince Ribbit
  7130 | Lair:3   | Received a gift from Okawaru
  7131 | Lair:3   | Reached skill level 10 in Armour
  7155 | Lair:3   | Noticed Amaemon
  7161 | Lair:3   | Reached skill level 10 in Invocations
  7161 | Lair:3   | Killed Amaemon
  7360 | Lair:3   | Reached skill level 14 in Ranged Weapons
  7413 | Lair:3   | Reached skill level 9 in Evocations
  7638 | Lair:4   | Identified the +1 falchion of Compound Interest {spect,
                  | *Corrode rElec Int+3 Dex+3}
  7654 | Lair:4   | Noticed Kirke
  7661 | Lair:4   | Killed Kirke
  7662 | Lair:4   | Reached XP level 14. HP: 115/119 MP: 20/22
  7663 | Lair:4   | Reached skill level 10 in Fighting
  7758 | Lair:4   | Received a gift from Okawaru
  7775 | Lair:4   | Reached skill level 11 in Dodging
  7838 | Lair:4   | Found a viscous altar of Jiyva.
  7838 | Lair:4   | Found a staircase to the Slime Pits.
  7888 | Lair:4   | Noticed Stil's ghost (journeyman SpEn)
  7890 | Lair:4   | Found a runed translucent gate.
  7890 | Lair:4   | Found a runed translucent gate.
  7890 | Lair:4   | Found a runed translucent gate.
  8082 | Lair:5   | Entered Level 5 of the Lair of Beasts
  8235 | Lair:5   | Received a gift from Okawaru
  8236 | Lair:5   | Reached skill level 11 in Invocations
  8312 | Lair:5   | Reached skill level 11 in Armour
  8342 | Lair:5   | Found a shimmering altar of Xom.
  8501 | Lair:5   | Reached skill level 10 in Evocations
  8508 | Lair:5   | Reached skill level 15 in Ranged Weapons
  8616 | Lair:5   | Reached XP level 15. HP: 102/128 MP: 24/24
  8765 | Lair:5   | Reached skill level 11 in Fighting
  8799 | Lair:5   | Identified the ring "Tellelijy" {Ice rN+ Str+2 Int-5 Dex+5}
  8839 | Lair:5   | Reached skill level 12 in Dodging
  8934 | Lair:5   | Glimpsed the power of Zot.
  8968 | Lair:5   | Found a corrupted altar of Lugonu.
  8977 | Lair:5   | Identified the +5 rapier of Genab {flame, rC+}
  8981 | Lair:5   | Glimpsed the power of Zot.
  8983 | Lair:5   | Identified the ring "Ysmiuvvepsi" {Wiz Str+3}
  9021 | Lair:5   | Glimpsed the power of Zot.
  9031 | Lair:5   | Touched by the power of Zot.
  9130 | Lair:2   | Glimpsed the power of Zot.
  9179 | Lair:1   | Glimpsed the power of Zot.
  9240 | D:11     | Found Mefek's Distillery.
  9270 | D:11     | Bought a potion of might for 48 gold pieces
  9270 | D:11     | Bought a potion of haste for 120 gold pieces
  9273 | D:11     | Found Teqon's Book Shop.
  9365 | D:10     | Reached skill level 12 in Invocations
  9393 | Orc:1    | Entered Level 1 of the Orcish Mines
  9416 | Orc:1    | Received a gift from Okawaru
  9487 | Orc:1    | Learned a level 1 spell: Apportation
  9583 | Orc:1    | Found a frozen archway.
  9608 | IceCv    | Entered an ice cave
  9639 | IceCv    | Reached skill level 1 in Translocations
  9679 | IceCv    | Received a gift from Okawaru
  9680 | IceCv    | Reached skill level 16 in Ranged Weapons
  9712 | IceCv    | Reached skill level 12 in Armour
  9712 | IceCv    | Reached skill level 2 in Translocations
  9751 | IceCv    | Noticed a frost giant
  9763 | IceCv    | Killed a frost giant
  9937 | Orc:2    | Entered Level 2 of the Orcish Mines
  9942 | Orc:2    | Reached skill level 3 in Translocations
 10049 | Orc:1    | Found a runed translucent door.
 10049 | Orc:1    | Noticed Ycluddol's ghost (journeyman HOMo)
 10134 | Orc:1    | Killed Ycluddol's ghost
 10193 | Orc:2    | Reached XP level 16. HP: 96/111 MP: 26/26
 10236 | Orc:2    | Found a staircase to the Elven Halls.
 10359 | Orc:2    | Found Menneos's General Store.
 10369 | Orc:2    | Found Eqeixead's Magic Scroll Boutique.
 10392 | Orc:2    | Bought a potion of curing for 51 gold pieces
 10392 | Orc:2    | Bought a scroll of teleportation for 51 gold pieces
 10394 | Orc:2    | Bought a scroll of teleportation for 45 gold pieces
 10394 | Orc:2    | Bought a scroll of vulnerability for 60 gold pieces
 10394 | Orc:2    | Bought a scroll of teleportation for 45 gold pieces
 10394 | Orc:2    | Bought a scroll of fog for 60 gold pieces
 10394 | Orc:2    | Bought a scroll of fog for 60 gold pieces
 10394 | Orc:2    | Bought a scroll of magic mapping for 112 gold pieces
 10470 | Orc:2    | Reached skill level 4 in Translocations
 10519 | Orc:2    | Reached skill level 13 in Invocations
 10557 | Orc:2    | Found Umiahej's Book Emporium.
 10557 | Orc:2    | Found a one-way gate leading to the halls of Pandemonium.
 10557 | Orc:2    | Found Lekhegis's Antique Armour Shoppe.
 10569 | Orc:2    | Reached skill level 12 in Fighting
 10569 | Orc:2    | Reached skill level 13 in Dodging
 10720 | D:11     | Found Qutosmub's Armour Shop.
 10734 | D:11     | Bought the +0 pair of gloves of the Ecumenical Temple {rN+
                  | Str+3 Stlth+} for 347 gold pieces
 10778 | D:11     | Found Jocwimpi's Book Shoppe.
 10980 | D:11     | Noticed Josephine
 10995 | D:11     | Killed Josephine
 11114 | D:11     | Glimpsed the power of Zot.
 11233 | D:12     | Reached skill level 5 in Translocations
 11491 | Lair:1   | Glimpsed the power of Zot.
 11501 | Lair:1   | Touched by the power of Zot.
 11547 | Shoals:1 | Entered Level 1 of the Shoals
 11650 | Shoals:1 | Reached skill level 17 in Ranged Weapons
 11807 | Shoals:2 | Noticed Ilsuiw
 11830 | Shoals:2 | Killed Ilsuiw
 11836 | Shoals:2 | Reached skill level 13 in Armour
 11895 | Shoals:2 | Received a gift from Okawaru
 11905 | Shoals:2 | Reached XP level 17. HP: 97/97 MP: 28/28
 11979 | Shoals:2 | Reached skill level 6 in Translocations
 12226 | Shoals:3 | Slain by a water elemental

Illustrated notes

Levels and vault maps discovered:
D:1:      minmay_arrival_five_plusses, layout_rooms
D:2:      layout_basic, uniq_robin, uniq_natasha
D:3:      cheibrodos_fertilizer, layout_basic, nicolae_shop_unique_rings,
          minmay_misc_feat_x, dreamdust_wishing_well
D:4:      layout_loops_ring, nicolae_ossuary_entry_plus
D:5:      layout_basic, nemelex_dance_club_becter,
          minmay_temple_entry_antechambers, serial_glass, glass_columns_b,
          glass_columns_a, feat_on_display, item_on_display_a,
          minmay_strange_pillars, gammafunk_ghost_abyssal_escape
D:6:      layout_basic, mainiacjoe_overflow_alcove_1,
          mainiacjoe_overflow_big_doors
D:7:      layout_rooms, serial_shops, nicolae_shop_bloodbath_and_beyond,
          nicolae_shop_trees, nicolae_shop_fire_sale [nicolae_sub_dead_trees]
D:8:      layout_cave_pools, serial_glass, glass_columns_b, glass_columns_a,
          due_unseen_surprise, minmay_lindwurm_lava
D:9:      layout_roguey, ploomutoo_gammafunk_ghost_potion_laboratory,
          serial_shops, shop_statue
D:10:     layout_long_grid, dpeg_oklobed_lair, orc_0_dummy
D:11:     layout_irregular_city, serial_shops,
          nicolae_shop_temple_entry_statues_fountains, shop,
          nicolae_stop_n_shop_2, shop, uniq_josephine
D:12:     layout_rooms
Temple:   eino_narrow_crystal_temple
Lair:1:   layout_small_grid
Lair:2:   layout_big_grid, nicolae_shoals_entry_roost,
          nicolae_spider_entry_tight_spaces, nicolae_volcano_entry_hallway,
          minmay_stone_trees_medium, hellmonk_guarded_unrand_zhor, uniq_harold
Lair:3:   layout_gridlike, uniq_amaemon, uniq_prince_ribbit2
Lair:4:   layout_cave_pods, dpeg_slime_entry_enclosed, gammafunk_ghost_split,
          uniq_kirke
Lair:5:   hellmonk_lair_end_abyssal_woods, layout_loops_ring,
          lemuel_centaur_altar, grunt_megastairs_4
Shoals:1: layout_shoals, abandoned_shop
Shoals:2: layout_shoals, uniq_polyphemus, uniq_mlioglotl, uniq_ilsuiw
Shoals:3: layout_shoals, nicolae_shop_vocational
Orc:1:    layout_caves, hellmonk_ghost_happy_afterlife,
          portal_ice_cave_entry_imps, nicolae_orc_stony_grotto
Orc:2:    pf_orc_diabolical, layout_caves

Skill      XL: |  1  2  3  4  5  6  7  8  9 10 11 12 13 14 15 16 17 |
---------------+----------------------------------------------------+-----
Armour         | 1 2 3 4 5 7 8 9 10 11 12 13 | 13.3
Dodging        | 3 4 5 6 7 8 9 10 11 12 13 | 13.6
Ranged Weapons | 5 6 7 8 9 10 11 12 14 15 16 17 | 17.5
Fighting       | 3 4 5 6 7 8 9 10 11 12 | 12.5
Invocations    | 2 4 6 7 9 10 11 12 13 | 13.8
Evocations     | 2 4 6 7 9 10 | 10.7
Translocations | 3 5 6 |  6.3
Stealth        | |  0.6

Action                     |  1- 3 |  4- 6 |  7- 9 | 10-12 | 13-15 | 16-18 || total
---------------------------+-------+-------+-------+-------+-------+-------++-------
  Melee: Spear             |       |       |       |     6 |       |       ||     6
         Punch             |       |       |       |     1 |       |       ||     1
   Fire: Shortbow          |    63 |   165 |   401 |   405 |       |       ||  1034
         Longbow           |       |       |       |   158 |   783 |   511 ||  1452
   Cast: Apportation       |       |       |       |       |       |    12 ||    12
 Invoke: Heroism           |       |       |     1 |    23 |    24 |    12 ||    60
         Finesse           |       |       |       |       |     2 |     2 ||     4
  Evoke: Wand              |       |       |       |     9 |     1 |       ||    10
    Use: Potion            |       |     1 |     1 |     1 |       |       ||     3
         Scroll            |       |       |    11 |     5 |     5 |     3 ||    24
 Armour: Leather armour    |    22 |    29 |       |       |       |       ||    51
         Ring mail         |       |    39 |    73 |       |       |       ||   112
         Scale mail        |       |       |   110 |    63 |       |       ||   173
         Plate armour      |       |       |       |   295 |   390 |   144 ||   829
  Dodge: Dodged            |    35 |    81 |   231 |   380 |   359 |   177 ||  1263

Table legend: (Time is in decaauts)
 A = Elapsed time spent in this place.
 B = Non-inter-level travel time spent in this place.
 C = Inter-level travel time spent in this place.
 D = Time resting spent in this place.
 E = Time spent auto-exploring this place.
 F = Levels seen in this place.
 G = Mean time per level.
                   A        B        C        D        E       F      G
               +--------+--------+--------+--------+--------+-----+--------+
         Total |  12720 |  11562 |   1158 |      0 |      0 |  26 |  489.2 |
       Dungeon |   6874 |   6320 |    554 |      0 |      0 |  12 |  572.8 |
        Temple |     42 |     26 |     16 |      0 |      0 |   1 |   42.0 |
          Lair |   3246 |   2706 |    540 |      0 |      0 |   5 |  649.2 |
        Shoals |    695 |    695 |      0 |      0 |      0 |   3 |  231.7 |
  Orcish Mines |    974 |    927 |     47 |      0 |      0 |   2 |  487.0 |
       Ossuary |    240 |    240 |      0 |      0 |      0 |   1 |  240.0 |
      Ice Cave |    303 |    303 |      0 |      0 |      0 |   1 |  303.0 |
       Volcano |    343 |    343 |      0 |      0 |      0 |   1 |  343.0 |
               +--------+--------+--------+--------+--------+-----+--------+

Top non-repeatable levels by time:
  Lair:5: 1036 daAuts
    D:10: 998 daAuts
     D:9: 729 daAuts
     D:6: 693 daAuts
     D:3: 659 daAuts
  Lair:4: 616 daAuts
     D:8: 615 daAuts
     D:5: 596 daAuts
  Lair:1: 557 daAuts
   Orc:2: 549 daAuts
  Lair:2: 543 daAuts
     D:4: 508 daAuts
  Lair:3: 492 daAuts
     D:2: 488 daAuts
    D:11: 479 daAuts
